AoeStats
← saschauli

Arabia

510043989Analyzed
1v1 RM · 4d ago on Sep 29, 2026· 53m 37s· 2 players
Game mode
Random Map
Map size
Tiny (2 player)
Population
200
Speed
Normal
Resources
Standard
Victory
Conquest
Starting age
Dark Age
Ending age
Imperial Age
RankedLock teamsTeams togetherTeam positionsShared explorationLock speedFull tech treeHidden civsTurbo modeCheats
Victory
Defeat
🇹🇼 Ethiopians · Taiwan
933
+15
🇩🇪 Celts · Germany
917
-15
saschauli
10:56 Feudal Age
9:50 Loom
16:55 Castle Age
15:02 Double-Bit Axe
15:32 Stone Mining
15:38 Horse Collar
16:50 Gold Mining
17:34 Forging
34:10 Imperial Age
32:36 Stone Shaft Mining
32:13 Heavy Plow
33:28 Gold Shaft Mining
33:24 Bow Saw
34:18 Scale Mail Armor
36:25 Fletching
37:24 Chain Mail Armor
38:40 Plate Mail Armor
38:47 Iron Casting
40:19 Wheelbarrow
40:18 Conscription
40:45 Elite Woad Raider
42:46 Blast Furnace
41:42 Bodkin Arrow
43:33 Hand Cart
a0986101524
10:27 Feudal Age
16:09 Castle Age
15:06 Double-Bit Axe
16:17 Crossbowman
17:20 Fletching
17:31 Padded Archer Armor
19:36 Loom
21:42 Bow Saw
22:05 Horse Collar
25:06 Heavy Plow
25:51 Bodkin Arrow
26:12 Leather Archer Armor
28:09 Thumb Ring
29:59 Gold Mining
32:34 Gold Shaft Mining
35:11 Wheelbarrow
37:42 Imperial Age
37:13 Ballistics
37:25 Hand Cart
37:38 Scale Barding Armor
37:44 Forging
39:32 Chemistry
38:37 Bracer
39:08 Ring Archer Armor
38:58 Chain Barding Armor
38:13 Arbalester
39:06 Royal Heirs
39:26 Conscription
38:51 Heavy Camel Rider
39:32 Husbandry
45:14 Two-Man Saw
Connection lost

Rejoining the realm…

Still unreachable

The connection could not be restored.

Session expired

The server has moved on; the page needs a fresh start.